 Dungeon Crawl Stone Soup version 0.29-a0-319-gad05b8d819 (webtiles) character file.

Game seed: 14337774618111573599

77 zazu2006 the Charlatan (level 4, 0/32 HPs)
             Began as a Gnoll Wanderer on Apr 1, 2022.
             Slain by an orc
             ... wielding a +2 vorpal trident
              (6 damage)
             ... on level 3 of the Dungeon.
             The game lasted 00:03:38 (2285 turns).

zazu2006 the Charlatan (Gnoll Wanderer)             Turns: 2285, Time: 00:03:39

Health: 0/32       AC:  2    Str:  9    XL:     4   Next: 34%
Magic:  6/8        EV: 11    Int: 15    God:
Gold:   84         SH:  0    Dex: 12    Spells: 8/9 levels left

rFire   . . .      SeeInvis .   a - +2 falchion
rCold   . . .      Faith    .   (no shield)
rNeg    . . .      Spirit   .   e - +0 robe
rPois   .          Reflect  .   (no helmet)
rElec   .          Harm     .   (no cloak)
rCorr   .          Rampage  .   (no gloves)
Will    .....                   (no boots)
Stlth   +.........              (no amulet)
HPRegen 0.10/turn               (no ring)
MPRegen 0.11/turn               (no ring)

@: confused
A: fangs 1, strong nose, distributed training
a: no special abilities


You were on level 3 of the Dungeon.
You visited 1 branch of the dungeon, and saw 3 of its levels.

You collected 84 gold pieces.

Inventory:

Hand Weapons
 a - a +2 falchion (weapon)
 p - a +0 dagger of venom
Missiles
 d - 128 stones
 o - 2 boomerangs of dispersal
Armour
 e - a +0 robe (worn)
 h - a +0 pair of gloves
Wands
 b - a wand of polymorph (3)
Scrolls
 c - 4 scrolls of teleportation
 g - 3 scrolls of identify {unknown}
 m - a scroll of vulnerability {unknown}
 n - 3 scrolls of blinking {unknown}
 r - a scroll of amnesia {unknown}
 s - a scroll of fog {unknown}
Potions
 f - 2 potions of degeneration {unknown}
 i - 2 potions of flight {unknown}
 j - a potion of curing {unknown}
 k - a potion of lignification {unknown}
 l - a potion of brilliance {unknown}
 q - a potion of might {unknown}
 t - a potion of heal wounds {unknown}
 u - a potion of haste {unknown}


   Skills:
 + Level 1.1 Fighting
 + Level 1.1 Short Blades
 + Level 6.6 Long Blades
 + Level 1.1 Axes
 + Level 1.1 Maces & Flails
 + Level 1.1 Polearms
 + Level 1.1 Staves
 + Level 1.1 Slings
 + Level 1.1 Bows
 + Level 1.1 Crossbows
 + Level 1.1 Throwing
 + Level 2.7 Armour
 + Level 1.1 Dodging
 + Level 2.5 Stealth
 + Level 1.1 Shields
 + Level 1.1 Unarmed Combat
 + Level 3.0 Spellcasting
 + Level 0.8 Conjurations
 + Level 0.8 Hexes
 + Level 0.8 Summonings
 + Level 0.8 Necromancy
 + Level 0.8 Translocations
 + Level 0.8 Transmutations
 + Level 0.8 Fire Magic
 + Level 0.8 Ice Magic
 + Level 0.8 Air Magic
 + Level 2.2 Earth Magic
 + Level 0.8 Poison Magic
 + Level 1.2 Invocations
 + Level 6.6 Evocations


You had 8 spell levels left.
You knew the following spells:

 Your Spells              Type           Power      Damage    Failure   Level
a - Sandblast             Erth           16%        2d6       9%          1

Your spell library contained the following spells:

 Spells                   Type           Power      Damage    Failure   Level
 Stone Arrow              Conj/Erth      12%        3d7       32%         3


Dungeon Overview and Level Annotations

Branches:
Dungeon (3/15)

Altars:

Annotations:
D:2 1 runed translucent door, Crazy Yiuf


Innate Abilities, Weirdness & Mutations

You have very sharp teeth.
Your uncanny sense of smell can sniff out nearby items.
Your experience applies equally to all skills.


Message History

You kill the quokka!
The orc wizard shouts!
The orc hits you from afar with a +2 vorpal trident.
You see here a quokka corpse.
You start resting.
An orc is nearby!
Casting: Sandblast (safe; 9% risk of failure)
Confirm with . or Enter, or press ? or * to list all spells.
Aiming: Sandblast (safe; 9% risk of failure)
Press: ? - help, Shift-Dir - straight line, f - orc
Aim: an orc, wielding a +2 vorpal trident and wearing a +0 leather armour (78% to hit)
The blast of sand hits the orc but does no damage.
Casting: Sandblast (safe; 9% risk of failure)
Confirm with . or Enter, or press ? or * to list all spells.
Aiming: Sandblast (safe; 9% risk of failure)
Press: ? - help, Shift-Dir - straight line, f - orc wizard
Aim: an orc wizard, wielding a +0 dagger and wearing a +0 robe (72% to hit)
The blast of sand hits the orc wizard.
The orc wizard is moderately wounded.
You hear the slow rusting of a very distant drain.
You closely miss the orc wizard.
The orc wizard is moderately wounded.
The orc wizard gestures at you while chanting.
You are confused.
Unknown command.
You're too confused to move!
The orc wizard points at you and mumbles some strange words.
The magic dart hits you. The orc hits you with a +0 dagger.
The orc hits you with a +0 mace.
The orc hits you from afar with a +2 vorpal trident!
* * * LOW HITPOINT WARNING * * *
x2 You see here a quokka corpse.
You bump into the rock wall.
The orc wizard gestures at you while chanting.
You are more confused.
The orc hits you with a +0 dagger.
* * * LOW HITPOINT WARNING * * *
The orc barely misses you.
The orc hits you from afar with a +2 vorpal trident.
You die...

..............##.####..
##.##....#..........#..
......................>g.
##..#....#...#<#....# ...
.#..#....##+##.#....#....
.#..###.............#....
.#..# #.................
.#..# #.........o...#
.#.............o@.o.#
.##.###.........#o..# .#
###########...# ..# #...#
#+#∆ #...# #...# ∆
...............
...............
...o...........


You could see an orc wizard and 3 orcs.

Vanquished Creatures
  Terence (D:2)
  2 dart slugs
  3 ball pythons (D:1)
  4 bats
  5 endoplasms
  3 giant cockroaches
  6 hobgoblins
  4 quokkas
  4 frilled lizards
  4 goblins (D:1)
  5 kobolds
  2 rats
43 creatures vanquished.

Notes
Turn   | Place    | Note
-------+----------+-------------------------------------------
     0 | D:1      | zazu2006 the Gnoll Wanderer began the quest for the Orb.
     0 | D:1      | zazu2006 set off with the following items: a +2 falchion, a
                  | wand of polymorph (3), a scroll of teleportation, 26
                  | stones, a +0 robe; and the following spell memorised:
                  | Sandblast; and the following spells available to memorise:
                  | Stone Arrow
     0 | D:1      | Reached XP level 1. HP: 13/13 MP: 4/4
    96 | D:1      | Found a faded altar of an unknown god.
   109 | D:1      | Reached XP level 2. HP: 18/19 MP: 5/5
   712 | D:1      | Reached XP level 3. HP: 17/25 MP: 7/7
  1185 | D:2      | Noticed Terence
  1299 | D:2      | HP: 1/25 [Terence/+0 hand axe (6)]
  1300 | D:2      | Killed Terence
  1301 | D:2      | Reached skill level 1 in Fighting
  1301 | D:2      | Reached skill level 1 in Short Blades
  1301 | D:2      | Reached skill level 1 in Axes
  1301 | D:2      | Reached skill level 1 in Maces & Flails
  1301 | D:2      | Reached skill level 1 in Polearms
  1301 | D:2      | Reached skill level 1 in Staves
  1301 | D:2      | Reached skill level 1 in Slings
  1301 | D:2      | Reached skill level 1 in Bows
  1301 | D:2      | Reached skill level 1 in Crossbows
  1301 | D:2      | Reached skill level 1 in Throwing
  1301 | D:2      | Reached skill level 1 in Dodging
  1301 | D:2      | Reached skill level 1 in Shields
  1301 | D:2      | Reached skill level 1 in Unarmed Combat
  1301 | D:2      | Reached skill level 1 in Invocations
  1301 | D:2      | Reached XP level 4. HP: 1/32 MP: 5/8
  2149 | D:2      | Found a runed translucent door.
  2150 | D:2      | Noticed Crazy Yiuf
  2285 | D:3      | Slain by an orc

Illustrated notes

Levels and vault maps discovered:
D:1:      dpeg_arrival_prison, layout_rooms, shapermc_ecumenical_altar_venn
D:2:      layout_rooms, uniq_crazy_yiuf_cottage, uniq_terence
D:3:      cheibrodos_thug_alley, layout_basic, portal_sewer_entry_e,
          uniq_natasha, uniq_robin

Skill      XL: |  1  2  3  4 |
---------------+-------------+-----
Earth Magic    | 2 |  2.2
Fighting       | 1 |  1.1
Short Blades   | 1 |  1.1
Axes           | 1 |  1.1
Maces & Flails | 1 |  1.1
Polearms       | 1 |  1.1
Staves         | 1 |  1.1
Slings         | 1 |  1.1
Bows           | 1 |  1.1
Crossbows      | 1 |  1.1
Throwing       | 1 |  1.1
Dodging        | 1 |  1.1
Shields        | 1 |  1.1
Unarmed Combat | 1 |  1.1
Invocations    | 1 |  1.2
Spellcasting   | 3 |  3.0
Long Blades    | |  6.6
Armour         | |  2.7
Stealth        | |  2.5
Conjurations   | |  0.8
Hexes          | |  0.8
Summonings     | |  0.8
Necromancy     | |  0.8
Translocations | |  0.8
Transmutations | |  0.8
Fire Magic     | |  0.8
Ice Magic      | |  0.8
Air Magic      | |  0.8
Poison Magic   | |  0.8
Evocations     | |  6.6

Action                   |  1- 3 |  4- 6 || total
-------------------------+-------+-------++-------
Melee: Falchion          |    59 |    33 ||    92
       Bite              |     3 |     4 ||     7
       Dagger            |     3 |       ||     3
 Cast: Sandblast         |     3 |     3 ||     6
 Stab: Sleeping          |     4 |     2 ||     6
Armor: Robe              |    13 |     3 ||    16
Dodge: Dodged            |    19 |    14 ||    33

Table legend: (Time is in decaauts)
 A = Elapsed time spent in this place.
 B = Non-inter-level travel time spent in this place.
 C = Inter-level travel time spent in this place.
 D = Time resting spent in this place.
 E = Time spent auto-exploring this place.
 F = Levels seen in this place.
 G = Mean time per level.
                   A        B        C        D        E       F      G
               +--------+--------+--------+--------+--------+-----+--------+
         Total |   2282 |   2233 |     49 |      4 |   1815 |   3 |  760.7 |
       Dungeon |   2282 |   2233 |     49 |      4 |   1815 |   3 |  760.7 |
               +--------+--------+--------+--------+--------+-----+--------+

Top non-repeatable levels by time:
     D:1: 1215 daAuts
     D:2: 962 daAuts
     D:3: 104 daAuts
